 Dungeon Crawl Stone Soup version 0.29-a0-824-gd827844252 (webtiles) character file.

Game seed: 17988660114323668616

21027 Nato the Grappler (level 12, -2/122 HPs)
             Began as a Troll Berserker on July 10, 2022.
             Was a Priest of Trog.
             Slain by a seven-headed hydra (5 damage)
             ... on level 3 of the Lair of Beasts.
             The game lasted 00:28:26 (20668 turns).

Nato the Grappler (Troll Berserker)                Turns: 20668, Time: 00:28:27

Health: -2/122     AC: 13    Str: 32    XL:     12   Next: 50%
Magic:  11/11      EV: 12    Int:  3    God:    Trog [***...]
Gold:   688        SH:  0    Dex:  9    Spells: 11/11 levels left

rFire   . . .      SeeInvis .     - Unarmed
rCold   . . .      Faith    .   (no shield)
rNeg    . . .      Spirit   .   a - +0 animal skin
rPois   .          Reflect  .   N - +1 hat
rElec   .          Harm     .   m - +2 cloak
rCorr   .          Rampage  .   (gloves unavailable)
Will    .....                   (boots unavailable)
Stlth   +.........              (no amulet)
HPRegen 1.10/turn               j - +4 ring of slaying
MPRegen 0.12/turn               z - +4 ring of protection

@: on berserk cooldown, slowed, very slow
A: large, unfitting armour, claws 3, regeneration 1, shaggy fur 1, tough skin 1
a: Renounce Religion, Berserk, Trog's Hand


You were on level 3 of the Lair of Beasts.
You worshipped Trog.
Trog was most pleased with you.
You visited 2 branches of the dungeon, and saw 15 of its levels.

You collected 688 gold pieces.

Inventory:

Hand Weapons
 U - a +0 hand axe of venom
Missiles
 Q - a throwing net
Armour
 a - a +0 animal skin (worn)
 m - a +2 cloak (worn)
 E - the +3 leather armour of the Armoured One {rElec rF+ Will+}
   (You found it on level 7 of the Dungeon)

   rF:        It protects you from fire.
   rElec:     It insulates you from electricity.
   Will:      It increases your willpower.
 F - a +2 chain mail of cold resistance
 N - a +1 hat (worn)
Jewellery
 j - a +4 ring of slaying (left claw)
 s - a ring of wizardry
 z - a +4 ring of protection (right claw)
 D - a +6 ring of dexterity
 K - a ring of willpower
 O - a ring of see invisible
 P - a ring of protection from cold
 R - a ring of willpower
 S - a ring of willpower
Wands
 A - a wand of paralysis (13)
 C - a wand of roots (5)
 G - a wand of mindburst (29)
 H - a wand of flame (14)
 J - a wand of polymorph (15) (quivered)
Scrolls
 d - 3 scrolls of amnesia {unknown}
 e - 13 scrolls of identify
 g - 7 scrolls of blinking
 i - 2 scrolls of fear
 k - 2 scrolls of immolation {unknown}
 n - 2 scrolls of enchant weapon {unknown}
 o - 8 scrolls of teleportation
 p - 2 scrolls of fog {unknown}
 q - 2 scrolls of poison {unknown}
 r - 2 scrolls of enchant armour {unknown}
 t - a scroll of silence {unknown}
 u - a scroll of vulnerability
 y - 2 scrolls of noise {unknown}
 B - a scroll of torment {unknown}
 L - 2 scrolls of brand weapon {unknown}
Potions
 b - 5 potions of might {unknown}
 c - 2 potions of lignification {unknown}
 f - 2 potions of mutation {unknown}
 h - a potion of degeneration {unknown}
 l - 6 potions of curing
 v - 2 potions of flight {unknown}
 w - 3 potions of heal wounds {unknown}
 x - 3 potions of brilliance {unknown}
 I - a potion of attraction {unknown}
 M - a potion of haste {unknown}
 T - a potion of berserk rage {unknown}
 V - a potion of cancellation {unknown}


   Skills:
 + Level 8.9 Fighting
 - Level 2.7 Axes
 + Level 8.2 Armour
 + Level 8.9 Dodging
 + Level 10.6 Unarmed Combat
 + Level 4.4 Evocations


You had 11 spell levels left.
You didn't know any spells.
Your spell library was empty.

Dungeon Overview and Level Annotations

Branches:
Dungeon (12/15)            Temple (0/1) D:5            Lair (3/6) D:11
    Orc (0/2) D:11
  Swamp: Lair:2-4    Shoals: Lair:2-4     Snake: Lair:2-4    Spider: Lair:2-4

Altars:
Cheibriados
Dithmenos
Trog

Shops:
D:3 [?*   D:4 *   D:8 !!   D:11 :


Innate Abilities, Weirdness & Mutations

You are too large for most types of armour.
You have claws for hands.
Your natural rate of healing is unusually fast.
You are covered in fur. (AC +1)
You have tough skin. (AC +1)


Message History

The five-headed hydra bites you.
* * * LOW HITPOINT WARNING * * *
The five-headed hydra completely misses you.
The five-headed hydra bites you but does no damage.
Aiming: Paralyse
Press: ? - help, Shift-Dir - straight line, f - five-headed hydra
Aim: a five-headed hydra (chance to affect: 26%)
Okay, then.
The five-headed hydra attacks as you move away!
The five-headed hydra bites you but does no damage.
The five-headed hydra bites you.
* * * LOW HITPOINT WARNING * * *
The five-headed hydra bites you but does no damage.
The five-headed hydra bites you!
* * * LOW HITPOINT WARNING * * *
The five-headed hydra bites you but does no damage.
Attack: -) Claws
Press: ? - help, Dir - move target, f - five-headed hydra
Aim: a five-headed hydra (about 16% to evade your claws)
You claw one of the five-headed hydra's heads off!
The four-headed hydra grows two more!
You scratch the six-headed hydra.
The six-headed hydra is lightly wounded.
The six-headed hydra barely misses you. The six-headed hydra bites you.
* * * LOW HITPOINT WARNING * * *
The six-headed hydra bites you but does no damage. x2
The six-headed hydra bites you.
* * * LOW HITPOINT WARNING * * *
The six-headed hydra misses you.
Attack: -) Claws
Press: ? - help, Dir - move target, f/p - six-headed hydra
Aim: a six-headed hydra (lightly wounded, about 16% to evade your claws)
You claw one of the six-headed hydra's heads off!
The five-headed hydra grows two more!
You claw the seven-headed hydra!
The seven-headed hydra is lightly wounded.
The seven-headed hydra barely misses you.
The seven-headed hydra bites you.
* * * LOW HITPOINT WARNING * * *
The seven-headed hydra bites you but does no damage.
The seven-headed hydra bites you.
You die...

#....... #.
......P #..
#..[... #.# .
##.....###.#
#.#...?...#.#
#.........##
#.........#
##.....<..#
#P....@D..#
#........##
#........#
#.........#
#.........#
#.........#
#.........#
#.........P


You could see a seven-headed hydra.

Vanquished Creatures
  Harold (D:11)
  3 two-headed ogres
  A cyclops (D:12)
  A black mamba (Lair:1)
  A gargoyle (D:7)
  4 cane toads
  A rime drake (Lair:1)
  4 komodo dragons
  2 kobold demonologists (D:11)
  A troll (D:9)
  6 slime creatures
  10 blink frogs
  4 centaur simulacra (D:10)
  A shadow (D:10)
  3 wyverns
  A vampire (D:10)
  A water elemental (D:11)
  A wraith (D:9)
  18 yaks
  7 vampire mosquitoes (D:11)
  A steam dragon (D:7)
  A warg (D:11)
  4 acid dragons
  5 water moccasins
  A sky beast (D:6)
  A meliai simulacrum (D:10)
  2 ice beasts
  6 orc warriors
  2 black bears
  An ogre (D:6)
  A wolf (D:10)
  2 centaurs
  A phantom (D:5)
  4 bullfrogs
  A kobold brigand (D:11)
  5 necrophages
  3 gnoll sergeants (D:8)
  10 wights
  13 killer bees
  A howler monkey (D:10)
  5 electric eels
  6 orc priests
  3 gnoll boudas
  5 hounds
  3 jellies
  An iguana (D:6)
  7 orc wizards
  A boggart simulacrum (D:11)
  23 gnolls
  5 adders
  5 white imps
  3 ufetubi
  2 worms
  5 dart slugs
  33 orcs
  7 ball pythons
  2 bats
  12 endoplasms
  2 giant cockroaches (D:3)
  12 goblins
  6 hobgoblins
  A jackal (D:8)
  5 kobolds
  3 quokkas
  6 rats
299 creatures vanquished.

Vanquished Creatures (others)
  A fungus (Lair:1)
  7 plants (Lair:1)
8 creatures vanquished.

Grand Total: 307 creatures vanquished

Notes
Turn   | Place    | Note
-------+----------+-------------------------------------------
     0 | D:1      | Nato the Troll Berserker began the quest for the Orb.
     0 | D:1      | Reached XP level 1. HP: 22/22 MP: 0/0
    74 | D:1      | Reached XP level 2. HP: 29/29 MP: 1/1
   929 | D:2      | Reached XP level 3. HP: 36/36 MP: 2/2
   994 | D:2      | Found a snail-covered altar of Cheibriados.
  1192 | D:2      | Reached ** piety under Trog
  1542 | D:3      | Found Puixianu's Magic Scroll Shop.
  1630 | D:3      | Found Piskiach's Armour Shop.
  1725 | D:3      | Found Umudulir's General Store.
  1877 | D:3      | Reached XP level 4. HP: 42/45 MP: 3/3
  2409 | D:4      | Reached skill level 1 in Armour
  2454 | D:4      | Found Zoloh's CLEARANCE SALE!.
  2534 | D:4      | Reached skill level 4 in Unarmed Combat
  2536 | D:4      | Reached XP level 5. HP: 53/53 MP: 4/4
  3101 | D:5      | Entered Level 5 of the Dungeon
  3316 | D:5      | Found a bloodstained altar of Trog.
  3374 | D:5      | Reached XP level 6. HP: 62/62 MP: 5/5
  3723 | D:5      | Found a staircase to the Ecumenical Temple.
  3736 | D:5      | Reached XP level 7. HP: 68/70 MP: 6/6
  4104 | D:5      | Reached skill level 5 in Unarmed Combat
  4316 | D:6      | Identified the +1 ring mail of Resilience {Regen+}
  4965 | D:6      | Found a shadowy altar of Dithmenos.
  4984 | D:6      | Reached XP level 8. HP: 78/79 MP: 7/7
  5770 | D:7      | Identified the +3 leather armour of the Armoured One {rElec
                  | rF+ Will+}
  5819 | D:7      | Noticed a gargoyle
  5827 | D:7      | Killed a gargoyle
  5828 | D:7      | Reached skill level 5 in Fighting
  5828 | D:7      | Reached skill level 5 in Dodging
  5828 | D:7      | Reached skill level 6 in Unarmed Combat
  6774 | D:8      | Reached XP level 9. HP: 88/88 MP: 8/8
  7217 | D:8      | Reached skill level 7 in Unarmed Combat
  7823 | D:8      | Reached skill level 5 in Armour
  8381 | D:8      | Found Vutsocufick's Distillery.
  8996 | D:8      | Found Dealoyfo's Distillery.
 10036 | D:9      | Noticed a two-headed ogre
 10042 | D:9      | Killed a two-headed ogre
 10043 | D:9      | Reached skill level 8 in Unarmed Combat
 10043 | D:9      | Reached XP level 10. HP: 100/100 MP: 9/9
 11890 | D:9      | Noticed a two-headed ogre
 11898 | D:9      | Killed a two-headed ogre
 12522 | D:10     | Entered Level 10 of the Dungeon
 12990 | D:10     | Reached skill level 1 in Evocations
 13255 | D:10     | Reached skill level 9 in Unarmed Combat
 13552 | D:10     | Reached XP level 11. HP: 109/109 MP: 10/10
 15333 | D:11     | Noticed Harold
 15348 | D:11     | Killed Harold
 15401 | D:11     | Found a staircase to the Orcish Mines.
 15435 | D:11     | Noticed a two-headed ogre
 15444 | D:11     | Killed a two-headed ogre
 15510 | D:11     | Reached *** piety under Trog
 15616 | D:11     | Found a frozen archway.
 16220 | D:11     | Found a staircase to the Lair.
 16226 | D:11     | Found Utzefyr's Book Emporium.
 16688 | D:12     | Reached skill level 10 in Unarmed Combat
 16693 | D:12     | Reached skill level 1 in Axes
 16864 | Lair:1   | Entered Level 1 of the Lair of Beasts
 16901 | Lair:1   | Reached XP level 12. HP: 122/122 MP: 11/11
 17499 | Lair:1   | HP: 6/122 [electric eel/bolt of electricity (11)]
 20645 | Lair:2   | Noticed a five-headed hydra
 20666 | Lair:3   | HP: 3/122 [five-headed hydra (13)]
 20668 | Lair:3   | Slain by a seven-headed hydra

Illustrated notes

Levels and vault maps discovered:
D:1:      lightli_arrival_chessboard, layout_basic
D:2:      layout_rooms, basic_altar, minmay_crystal_water, wad_floor_pattern_1,
          minmay_misc_feat_rows
D:3:      layout_basic, serial_shops, nicolae_shop_behind_doors,
          nicolae_shop_crystal, nicolae_lakefront_shop
D:4:      layout_cave_pods, nicolae_shop_clearance
D:5:      layout_rooms, general_overflow_altar, temple_green
D:6:      layout_basic, nicolae_dithmenos_through_a_glass_darkly
D:7:      layout_gridville
D:8:      layout_cave_pools, serial_gnoll_camp, gnoll_camp_mini_shop,
          gnoll_camp_mini_shop, gnoll_camp_mini_house, gnoll_camp_mini_doghouse,
          gnoll_camp_mini_hut, gnoll_camp_mini_house
D:9:      layout_stronghold, feat_on_display
D:10:     layout_stronghold, serial_ice, serial_ice_c, serial_ice_g,
          serial_ice_i, serial_ice_a
D:11:     layout_basic, lair_entry_dummy, david_orc_1_choice, serial_shops,
          shop, serial_ice, serial_ice_g, serial_ice_d, serial_ice_k,
          serial_ice_h, portal_ice_cave_entry_pillars_2, uniq_harold
D:12:     layout_roguey, uniq_rupert
Lair:1:   layout_regular_city, grunt_megastairs_4, serial_bayou_shore_a
Lair:2:   layout_chaotic_city, nicolae_quartered_pool_little,
          roderic_carrion_pond, uniq_gastronok
Lair:3:   layout_hall_layers, chequers_serial_rivers_large_b,
          infiniplex_staircase_pool_2

Skill      XL: |  1  2  3  4  5  6  7  8  9 10 11 12 |
---------------+-------------------------------------+-----
Fighting       | 3 4 5 6 7 8 |  8.9
Dodging        | 3 4 5 6 7 8 |  8.9
Armour         | 1 2 3 4 5 6 7 8 |  8.2
Unarmed Combat | 4 5 6 8 9 10 | 10.6
Evocations     | 1 3 4 |  4.4
Axes           | 1 2 |  2.7

Action                   |  1- 3 |  4- 6 |  7- 9 | 10-12 || total
-------------------------+-------+-------+-------+-------++-------
Melee: Unarmed           |    69 |    80 |   198 |   421 ||   768
       Punch             |     1 |     1 |    10 |    33 ||    45
Invok: Berserk           |       |     8 |    19 |    34 ||    61
       Trog's Hand       |       |       |       |     1 ||     1
  Use: Scroll            |       |       |     3 |     2 ||     5
       Potion            |       |       |     1 |       ||     1
 Stab: Sleeping          |     1 |       |       |       ||     1
Armor: Animal skin       |    23 |    24 |   103 |   131 ||   281
Dodge: Dodged            |    22 |    45 |   138 |   208 ||   413

Table legend: (Time is in decaauts)
 A = Elapsed time spent in this place.
 B = Non-inter-level travel time spent in this place.
 C = Inter-level travel time spent in this place.
 D = Time resting spent in this place.
 E = Time spent auto-exploring this place.
 F = Levels seen in this place.
 G = Mean time per level.
                   A        B        C        D        E       F      G
               +--------+--------+--------+--------+--------+-----+--------+
         Total |  21166 |  20515 |    651 |  12001 |   6879 |  15 | 1411.1 |
       Dungeon |  17290 |  16672 |    618 |   9260 |   6029 |  12 | 1440.8 |
          Lair |   3876 |   3843 |     33 |   2741 |    850 |   3 | 1292.0 |
               +--------+--------+--------+--------+--------+-----+--------+

Top non-repeatable levels by time:
     D:9: 3037 daAuts
  Lair:1: 2896 daAuts
    D:10: 2695 daAuts
     D:8: 2476 daAuts
    D:11: 1557 daAuts
     D:6: 1530 daAuts
     D:7: 1412 daAuts
     D:5: 1034 daAuts
     D:3: 990 daAuts
  Lair:2: 971 daAuts
     D:4: 938 daAuts
     D:1: 865 daAuts
     D:2: 532 daAuts
    D:12: 220 daAuts
  Lair:3: 8 daAuts
